 Dungeon Crawl Stone Soup version 0.24.0-124-g2791043dd8 (webtiles) character file.

Game seed: 4784901824540440456, levelgen mode: deterministic

22716 Inkb5 the Archer (level 12, -8/105 HPs)
             Began as a Centaur Hunter on Feb 14, 2020.
             Was an Elder of Okawaru.
             Killed by divine providence
             ... invoked by a smoke demon
             ... summoned by an orc sorcerer
              (10 damage)
             ... on level 2 of the Orcish Mines on Feb 15, 2020.
             The game lasted 01:54:29 (27783 turns).

Inkb5 the Archer (Centaur Hunter)                  Turns: 27783, Time: 01:54:30

Health: -8/105     AC: 17    Str: 29    XL:     12   Next: 65%
Magic:  15/15      EV:  7    Int: 10    God:    Okawaru [****..]
Gold:   1098       SH:  0    Dex: 11    Spells: 9/15 levels left

rFire    . . .     SeeInvis .   a - +2 shortbow
rCold    + . .     Gourm    .   (shield currently unavailable)
rNeg     . . .     Faith    .   P - +0 ring mail
rPois    .         Spirit   .   s - +1 helmet
rElec    .         Reflect  .   E - +0 cloak
rCorr    .         Harm     .   x - +0 pair of gloves
MR       .....                  O - +0 centaur barding {rC+}
Stlth    ..........             (no amulet)
HPRegen  0.27/turn              G - +4 ring of strength
MPRegen  0.14/turn              q - +6 ring of strength

@: lightly drained, very quick
A: large, hooves 3, deformed body, speed 2, tough skin 3
a: Heroism, Renounce Religion


You were on level 2 of the Orcish Mines.
You worshipped Okawaru.
Okawaru was greatly pleased with you.
You were hungry.

You visited 3 branches of the dungeon, and saw 16 of its levels.

You collected 1098 gold pieces.

Inventory:

Hand Weapons
 a - a +2 shortbow (weapon)
 b - a +2 quarterstaff of chaos
Missiles
 d - 99 arrows (quivered)
Armour
 c - a +0 leather armour
 s - a +1 helmet (worn)
 x - a +0 pair of gloves (worn)
 y - a +0 chain mail
 z - a +0 scale mail
 E - a +0 cloak (worn)
 F - a scarf of spirit shield
 O - a +0 centaur barding of cold resistance (worn)
 P - a +0 ring mail (worn)
Jewellery
 l - an uncursed ring of protection from cold
 q - a +6 ring of strength (right hand)
 G - a +4 ring of strength (left hand)
Wands
 t - a wand of acid (5)
 w - a wand of paralysis (5)
 D - a wand of iceblast (3)
 H - a wand of flame (24)
 N - a wand of scattershot (7)
 Q - a wand of polymorph (10)
Scrolls
 h - 5 scrolls of enchant armour
 k - a scroll of fear
 n - a scroll of magic mapping
 o - a scroll of blinking
 u - 4 scrolls of amnesia
 A - a scroll of vulnerability
 B - 2 scrolls of enchant weapon
 C - 3 scrolls of remove curse
 I - a scroll of immolation
 J - a scroll of holy word
 L - 4 scrolls of identify
 M - a scroll of fog
Potions
 e - 3 potions of mutation
 g - a potion of flight
 i - a potion of invisibility
 j - 4 potions of might
 m - 6 potions of berserk rage
 p - 3 potions of resistance
 r - 2 potions of agility
 v - 3 potions of heal wounds
 K - 2 potions of lignification
Comestibles
 f - 21 rations


   Skills:
 + Level 9.5(9.0) Fighting
 * Level 14.5(13.9) Bows
 - Level 8.0(7.6) Armour
 - Level 2.4(2.0) Dodging
 - Level 0.4(0.0) Stealth
 - Level 2.0(1.6) Spellcasting
 - Level 5.7(5.3) Conjurations
 + Level 4.5(4.1) Translocations
 - Level 5.7(5.3) Fire Magic
 - Level 5.0(4.5) Invocations


You had 9 spell levels left.
You knew the following spells:

 Your Spells              Type           Power        Failure   Level  Hunger
a - Sticky Flame          Conj/Fire      ##......     43%         4    #####..
b - Blink                 Tloc           N/A          12%         2    ###....

Your spell library contained the following spells:

 Spells                   Type           Power        Failure   Level  Hunger
 Flame Tongue             Conj/Fire      ##...        4%          1    ##.....
 Magic Dart               Conj           ##..         4%          1    ##.....
 Throw Flame              Conj/Fire      ##....       8%          2    ###....
 Conjure Flame            Conj/Fire      ##......     14%         3    ####...
 Shroud of Golubria       Chrm/Tloc      #.....       28%         2    ###....
 Infusion                 Chrm           #...         41%         1    ##.....
 Inner Flame              Hex/Fire       #.......     41%         3    ####...
 Call Imp                 Summ           #.......     54%         2    ###....
 Slow                     Hex            #.......     54%         2    ###....
 Song of Slaying          Chrm           #.......     54%         2    ###....
 Mephitic Cloud           Conj/Pois/Air  #.......     54%         3    ####...
 Regeneration             Chrm/Necr      #.........   78%         3    ####...
 Spectral Weapon          Hex/Chrm       #.......     78%         3    ####...
 Fireball                 Conj/Fire      ##........   80%         5    ######.


Dungeon Overview and Level Annotations

Branches:
Dungeon (11/15)            Temple (0/1) D:6            Lair (3/6) D:8
 Shoals (0/4) Lair:3          Orc (2/2) D:11            Elf (0/3) Orc:2
  Snake: Lair:2-4    Spider: Lair:2-4

Altars:
Ashenzari
Elyvilon
Gozag
Okawaru
Sif Muna
Xom
Yredelemnul
The Shining One

Shops:
D:7 (

Annotations:
D:5 2 transporters, trianova's ghost, novice NaTm
D:7 Joseph; Prince Ribbit
D:9 exclusion: downstairs


Innate Abilities, Weirdness & Mutations

You have hooves in place of feet.
Armour fits poorly on your strangely shaped body.
You cover ground very quickly.
You have extremely tough skin. (AC +3)


Message History

You shoot an arrow.
The arrow hits the orc sorcerer but does no damage.
The orc sorcerer is severely wounded.
The orc sorcerer gestures at you while chanting.
The bolt of negative energy hits you.
You feel drained. The ice devil hits you. The ice devil freezes you!
You resist. The orange demon stings you! The orange demon hits you.
The smoke demon gestures at you. Something smites you!
The orc sorcerer gestures at you while chanting.
The bolt of fire hits you!!
* * * LOW HITPOINT WARNING * * *
The orange demon stings you but does no damage.
The smoke demon gestures at you. Something smites you!
* * * LOW HITPOINT WARNING * * *
There is a stone staircase leading up here.
The smoke demon gestures at you. Something smites you!
You die...

,*,,,,,***.#.*...,,,,,,..,*,,,,,,
,,,,,,***.$...#..,*,*....**,,,,,,
,,,,,,,**#....#..,,*,...#*,,,,,,,
,,,**,*,,#.......,*##...#*#,,,,,,
,,,,,*,,,........###.#..#..,,,,,,
**,,,,,,,.................,,,,*,,
,*,,,,,,,.................*,,,***
,,,,,,,,,.$.....#.....#*,**,,****
,,,,,,,,,.......@.....##**,,,* *,
,,,,,,,,,..............##*,,,* **
,,,,,,,,,..........4....##*,** *
,,,,,,,,,..........4.....#***
,,,,,,,,,........#o#..#.##
,,,,,,,,,....#..#.#..$#*#
,,,,,*,,,...........((.#
,,,,,,,,,.......#.##3(##
,,,,,,,,,,,....##.,.((.*


You could see an orange demon, an ice devil, a smoke demon and an orc sorcerer.

Vanquished Creatures
  A stone giant (D:11)
  Snorg (D:9)
  Erolcha (Orc:1)
  Pikel (D:3)
  An ugly thing (D:11)
  4 oklob plants (Lair:1)
  A manticore (D:11)
  2 spiny frogs (Lair:2)
  2 centaur skeletons (D:10)
  2 rime drakes
  5 komodo dragons
  A troll (D:9)
  A hornet (D:9)
  3 hippogriffs
  7 blink frogs
  2 wyverns
  19 yaks
  2 hungry ghosts
  Menkaure (D:7)
  3 basilisks (Lair:1)
  A steam dragon (D:9)
  9 water moccasins
  8 porcupines
  7 orc warriors
  6 sky beasts
  2 black bears
  3 necrophages
  3 ice beasts
  A hornet zombie (D:10)
  3 slaves
  A phantom (D:5)
  5 ogres
  2 centaurs
  6 crocodiles
  Blork the orc (D:6)
  8 bullfrogs
  6 scorpions
  A water moccasin skeleton (D:7)
  14 killer bees
  3 wights (D:8)
  2 electric eels (Lair:1)
  6 crimson imps
  A quasit (D:10)
  Crazy Yiuf (D:7)
  4 jellies
  A bullfrog zombie (D:11)
  11 orc priests
  A gnoll shaman (D:8)
  4 hounds
  2 bullfrog skeletons
  2 iguanas
  Natasha (thrice) (D:3)
  10 orc wizards
  4 worker ants
  A hound zombie (D:7)
  2 worker ant zombies
  Robin (D:2)
  10 gnolls
  15 adders
  8 shadow imps
  An ooze (D:1)
  An adder zombie (D:6)
  An adder skeleton (D:10)
  4 worms
  4 dart slugs
  4 leopard geckos
  43 orcs
  A ball python (D:2)
  6 bats
  9 giant cockroaches
  16 goblins
  13 hobgoblins
  A jackal (D:5)
  5 quokkas
  6 frilled lizards
  A giant cockroach zombie (D:6)
  A jackal skeleton (D:4)
  12 kobolds
  4 rats (D:1)
  A bush (D:1)
  A fungus (Lair:3)
  3 plants
377 creatures vanquished.

Vanquished Creatures (others)
  An orc warrior (D:11)
  2 orcs (D:11)
  A plant (Lair:1)
4 creatures vanquished.

Grand Total: 381 creatures vanquished

Notes
Turn   | Place    | Note
-------+----------+-------------------------------------------
     0 | D:1      | Inkb5 the Centaur Hunter began the quest for the Orb.
     0 | D:1      | Reached XP level 1. HP: 17/17 MP: 1/1
   182 | D:1      | Reached XP level 2. HP: 24/24 MP: 2/2
   186 | D:1      | Reached skill level 6 in Bows
   936 | D:1      | Reached XP level 3. HP: 27/29 MP: 3/3
  1614 | D:2      | Reached skill level 7 in Bows
  2270 | D:2      | Reached XP level 4. HP: 36/36 MP: 4/4
  2767 | D:2      | Noticed Robin
  2915 | D:2      | Found a basalt altar of Yredelemnul.
  3073 | D:2      | Killed Robin
  3284 | D:3      | Reached skill level 8 in Bows
  3573 | D:2      | Reached XP level 5. HP: 35/42 MP: 5/5
  4059 | D:3      | Found a white marble altar of Elyvilon.
  4211 | D:3      | Noticed Natasha
  4377 | D:4      | Noticed Pikel
  4377 | D:4      | Noticed a slave
  4377 | D:4      | Noticed a slave
  4377 | D:4      | Noticed a slave
  4377 | D:4      | Noticed a slave
  4430 | D:3      | Killed a slave
  4651 | D:3      | Killed Natasha
  4819 | D:3      | Noticed Natasha
  4828 | D:3      | Killed Natasha
  4905 | D:3      | Noticed Natasha
  4921 | D:3      | Killed Natasha
  5265 | D:4      | Killed a slave
  5278 | D:4      | Killed a slave
  5457 | D:3      | Killed Pikel
  5457 | D:3      | Reached skill level 5 in Fighting
  5457 | D:3      | Reached skill level 9 in Bows
  5457 | D:3      | Reached skill level 1 in Armour
  5457 | D:3      | Reached XP level 6. HP: 52/56 MP: 6/6
  5457 | D:3      | Reached XP level 7. HP: 56/61 MP: 7/7
  5975 | D:4      | Found a shattered altar of Ashenzari.
  5991 | D:4      | Reached skill level 10 in Bows
  6234 | D:4      | Found a glowing silver altar of Zin.
  6236 | D:4      | Found a glowing golden altar of the Shining One.
  6236 | D:4      | Found an opulent altar of Gozag.
  6238 | D:4      | Found a snail-covered altar of Cheibriados.
  6238 | D:4      | Found a shimmering altar of Xom.
  6238 | D:4      | Found an opulent altar of Gozag.
  6333 | D:5      | Entered Level 5 of the Dungeon
  6591 | D:5      | Found a shimmering blue altar of Sif Muna.
  6896 | D:5      | Reached XP level 8. HP: 68/68 MP: 8/8
  7217 | D:5      | Noticed trianova's ghost (novice NaTm)
  7240 | D:5      | Reached skill level 11 in Bows
  7379 | D:5      | Found a transporter.
  7381 | D:5      | Found a transporter.
  7443 | D:5      | Found an iron altar of Okawaru.
  7452 | D:5      | Became a worshipper of Warmaster Okawaru
  7559 | D:5      | Found a shimmering blue altar of Sif Muna.
  8195 | D:5      | Reached * piety under Okawaru
  8195 | D:5      | Reached skill level 12 in Bows
  8443 | D:6      | Noticed Blork the orc
  8457 | D:6      | Killed Blork the orc
  8823 | D:6      | Found a staircase to the Ecumenical Temple.
  8833 | D:6      | Reached XP level 9. HP: 74/74 MP: 9/9
  9006 | D:6      | Reached skill level 13 in Bows
  9478 | D:6      | Learned a level 4 spell: Sticky Flame
  9518 | D:7      | Reached skill level 1 in Conjurations
  9601 | D:7      | Reached skill level 1 in Fire Magic
 10098 | D:7      | Noticed Menkaure
 10108 | D:7      | Killed Menkaure
 10215 | D:7      | Found Lib Tapa's Antique Weapon Emporium.
 10239 | D:7      | Reached ** piety under Okawaru
 10418 | D:7      | Noticed Joseph
 10420 | D:7      | Noticed Prince Ribbit
 11304 | D:7      | Reached skill level 14 in Bows
 12103 | D:7      | Found a runed translucent door.
 12104 | D:7      | Noticed Crazy Yiuf
 12143 | D:7      | Killed Crazy Yiuf
 12469 | D:8      | Found a staircase to the Lair.
 12996 | D:8      | Reached XP level 10. HP: 84/84 MP: 10/10
 13090 | D:8      | Reached skill level 5 in Armour
 13833 | D:9      | Reached *** piety under Okawaru
 13991 | D:9      | Received a gift from Okawaru
 15416 | D:10     | Entered Level 10 of the Dungeon
 15542 | D:9      | Reached **** piety under Okawaru
 15960 | D:9      | Received a gift from Okawaru
 16898 | D:10     | Reached XP level 11. HP: 94/94 MP: 11/11
 17331 | D:10     | Paralysed by a hornet for 1 turns
 18504 | D:10     | Noticed Snorg
 18580 | D:9      | Killed Snorg
 19968 | D:11     | Found a staircase to the Orcish Mines.
 20637 | D:11     | Reached skill level 1 in Spellcasting
 20885 | Lair:1   | Entered Level 1 of the Lair of Beasts
 21331 | Lair:1   | Received a gift from Okawaru
 21783 | Lair:1   | Reached ***** piety under Okawaru
 22259 | Lair:1   | Reached skill level 1 in Invocations
 22340 | Lair:1   | Noticed an oklob plant
 22794 | Lair:1   | Killed an oklob plant
 22794 | Lair:1   | Received a gift from Okawaru
 22797 | Lair:1   | Noticed an oklob plant
 22812 | Lair:1   | Killed an oklob plant
 22813 | Lair:1   | Noticed an oklob plant
 22813 | Lair:1   | Noticed an oklob plant
 22818 | Lair:1   | Killed an oklob plant
 22818 | Lair:1   | Received a gift from Okawaru
 22824 | Lair:1   | Killed an oklob plant
 23142 | Lair:1   | Received a gift from Okawaru
 23649 | Lair:2   | Reached skill level 5 in Conjurations
 23649 | Lair:2   | Reached skill level 5 in Fire Magic
 23649 | Lair:2   | Reached XP level 12. HP: 103/103 MP: 15/15
 23692 | Lair:2   | Reached skill level 5 in Invocations
 24844 | Lair:2   | Learned a level 2 spell: Blink
 25133 | Lair:2   | Reached skill level 1 in Translocations
 26140 | Lair:3   | Found a staircase to the Shoals.
 26473 | Orc:1    | Entered Level 1 of the Orcish Mines
 26483 | Orc:1    | Noticed Erolcha
 26494 | Orc:1    | Paralysed by Erolcha for 7 turns
 26520 | Orc:1    | Killed Erolcha
 26520 | Orc:1    | Noticed a stone giant
 26835 | D:11     | Killed a stone giant
 27751 | Orc:2    | Entered Level 2 of the Orcish Mines
 27781 | Orc:2    | HP: 2/105 [smoke demon/divine providence[an orc sorcerer]
                  | (9)]
 27783 | Orc:2    | Killed from afar by a smoke demon

Levels and vault maps discovered:
D:1:      minmay_arrival_up_and_down, layout_loops_ring, nrook_mini_vaults,
          lexackson_kobold_supper
D:2:      layout_basic, lemuel_round_altar, uniq_robin
D:3:      layout_rooms, elyvilon_altar_1, first_ration, uniq_natasha
D:4:      layout_cave_pods, old_standard_altar, doesnt_xom_only_xom, uniq_pikel
D:5:      layout_loops_ring, kennysheep_little_box, gammafunk_ghost_hive,
          hangedman_feature_mirror
D:6:      layout_gridville, minmay_temple_entry_glassed_door, uniq_blork_the_orc
D:7:      layout_basic, nicolae_overflow_hidden_temple, serial_shops, shop,
          uniq_menkaure, uniq_prince_ribbit1, uniq_joseph,
          uniq_crazy_yiuf_cottage
D:8:      layout_loops_corners, dpeg_oklobed_lair
D:9:      layout_roguey
D:10:     layout_rooms, uniq_snorg
D:11:     layout_roguey, orc_0_dummy, hangedman_stone_soup,
          nicolae_straight_to_the_point
Lair:1:   layout_cave_pods, chequers_serial_rivers_micro_d,
          serial_bayou_crossing, grunt_megastairs_2, serial_bayou_shore_a,
          minmay_lair_oklob_chamber
Lair:2:   layout_concentric_octagons
Lair:3:   layout_regular_city, elwin_shoals_entry_stream
Orc:1:    layout_caves, uniq_erolcha
Orc:2:    grunt_orc_gardens, layout_caves, grunt_orc_garden, grunt_orc_garden,
          grunt_orc_garden, grunt_orc_garden, uniq_saint_roka

Skill      XL: |  1  2  3  4  5  6  7  8  9 10 11 12 |
---------------+-------------------------------------+-----
Bows           | 6 7 8 9 10 12 14 | 14.5
Fighting       | 5 6 8 9 |  9.5
Armour         | 1 2 4 7 8 |  8.0
Conjurations   | 2 5 |  5.7
Fire Magic     | 2 5 |  5.7
Dodging        | 2 |  2.4
Spellcasting   | 2 |  2.0
Invocations    | 4 5 |  5.0
Translocations | 4 |  4.5
Stealth        | |  0.4

Action                   |  1- 3 |  4- 6 |  7- 9 | 10-12 || total
-------------------------+-------+-------+-------+-------++-------
Melee: Short sword       |   260 |    41 |       |       ||   301
       Kick              |    89 |    22 |    59 |   125 ||   295
       Spear             |       |    55 |       |       ||    55
       Flail             |       |    17 |       |       ||    17
       Trident           |       |     9 |   135 |       ||   144
       Battleaxe         |       |       |    92 |       ||    92
       Quarterstaff      |       |       |    34 |   379 ||   413
 Fire: Shortbow          |    27 |   119 |   350 |   655 ||  1151
Invok: Heroism           |       |       |     2 |     6 ||     8
       Finesse           |       |       |       |     2 ||     2
  Use: Scroll            |       |    11 |     7 |    11 ||    29
       Potion            |       |       |     2 |     2 ||     4
  Eat: Chunk             |     4 |     7 |    17 |    18 ||    46
       Ration            |       |       |     1 |     8 ||     9
Armor: Leather armour    |    30 |    31 |       |       ||    61
       Chain mail        |       |    12 |   298 |   378 ||   688
       Ring mail         |       |       |       |    11 ||    11
Dodge: Dodged            |    54 |    54 |   113 |   187 ||   408
